 Dungeon Sprint DCSS version 0.27-a0-1273-gec92ba881d (webtiles) character file.

Game seed: 17293763286378855521

9779 mhtbhm the Fencer (level 11, -7/144 HPs)
             Began as a Demonspawn Berserker on June 11, 2021.
             Was a High Priest of Trog.
             Succumbed to a ghost moth's poison
             ... in the Dungeon (Sprint IV: "Fedhas' Mad Dash").
             The game lasted 00:06:03 (4322 turns).

mhtbhm the Fencer (Demonspawn Berserker)            Turns: 4322, Time: 00:06:04

Health: -7/144     AC: 14    Str: 25 (27) XL:     11   Next: 27%
Magic:  0/11       EV: 16    Int:  9      God:    Trog [*****.]
Gold:   49         SH:  0    Dex: 17 (18) Spells: 10/10 levels left

rFire    . . .     SeeInvis .   a - +2 long sword of Imminent Death {vorpal, rN+ Dex+3}
rCold    . . .     Faith    .   (no shield)
rNeg     + . .     Spirit   .   b - +0 animal skin
rPois    +         Reflect  .   (helmet restricted)
rElec    .         Harm     .   o - +1 cloak {rPois}
rCorr    .         Rampage  .   n - +0 pair of gloves
Will     .....     NoTele   +   (no boots)
Stlth    ..........             i - amulet of invisibility {+Inv}
HPRegen  0.34/turn              d - ring "Xiuh" {Str+6 Dex+3}
MPRegen  0.12/turn              (no ring)

@: berserking (expiring), lethally poisoned (-7 -> -77), sanguine armoured, very
quick
A: horns 2, spiny 2, sanguine armour 2
a: Renounce Religion, Evoke Invisibility, Berserk, Trog's Hand, Brothers in Arms


You were in the Dungeon.
You worshipped Trog.
Trog was extremely pleased with you.
You visited 1 branch You collected 211 gold pieces.
You spent 162 gold pieces at shops.

Inventory:

Hand Weapons
 a - the +2 long sword of Imminent Death (weapon) {vorpal, rN+ Dex+3}
   (Trog gifted it to you in the Dungeon)

   It inflicts extra damage upon your enemies.
   It affects your dexterity (+3).
   It protects you from negative energy.
Armour
 b - a +0 animal skin (worn)
 n - a +0 pair of gloves (worn)
 o - a +1 cloak of poison resistance (worn)
Jewellery
 d - the ring "Xiuh" (left hand) {Str+6 Dex+3}
   (You found it in the Dungeon)

   [ring of strength]

   It affects your strength (+6).
   It affects your dexterity (+3).
 i - the amulet of invisibility (around neck) {+Inv}
   (You found it in the Dungeon)

   [amulet of nothing]

   It lets you turn invisible.
Scrolls
 j - a scroll of silence {unknown}
 m - 2 scrolls of vulnerability {unknown}
Potions
 f - 2 potions of magic
 g - a potion of berserk rage
 p - a potion of attraction {unknown}
Miscellaneous
 k - a tin of tremorstones (2/2)
 l - a lightning rod (4/4)
 q - a piece from Xom's chessboard (15/15)


   Skills:
 + Level 12.7 Fighting
 + Level 15.3 Long Blades
 + Level 4.2 Armour
 + Level 7.6 Dodging
 + Level 12.3 Stealth
 + Level 10.3 Evocations


You had 10 spell levels left.
You didn't know any spells.
Your spell library was empty.

Dungeon Overview and Level Annotations

Branches:
Dungeon (1/1)

Altars:
Cheibriados
Dithmenos
Elyvilon
Gozag
Hepliaklqana
Kikubaaqudgha
Makhleb
Nemelex Xobeh
Okawaru
Qazlal
Ru
Sif Muna
Trog
Uskayaw
Vehumet
Wu Jian
Xom
Yredelemnul
Zin
The Shining One
Beogh
Jiyva
Lugonu

Shops:
D ?[(**!!!*[*


Innate Abilities, Weirdness & Mutations

You have a pair of horns on your head.
You are mostly covered in sharp spines.
When seriously injured, your bleeding wounds create thick armour. (AC +9)


Message History

You feel yourself moving faster!
You feel mighty!
You feel extremely sick. Something hits you!
Your blood congeals into armour.
Something hits you but does no damage. Something stings you.
You slash something! You headbutt something!
You feel very sick.
You miss something.
You feel very sick. Something completely misses you. Something hits you!
You feel clumsy. Something stings you.
You are lethally poisoned!
Something poisons you!
Unknown command.
You closely miss something.
You feel extremely sick.
You slash something! Your headbutt misses something.
* * * LOW HITPOINT WARNING * * *
You feel extremely sick.
You feel you are being watched by something.
Something hits you!
* * * LOW HITPOINT WARNING * * *
Something hits you.
* * * LOW HITPOINT WARNING * * *
Something stings you but does no damage.
You slash something! You headbutt something. Trog accepts your kill.
Something appears at your feet!
You see here the +13 great sword of Demonspawn's Peril {vorpal, Dex+6}.
Trog grants you a weapon!
Reactivating autopickup.
You feel a bit more experienced.
* * * LOW HITPOINT WARNING * * *
You feel extremely sick.
You feel your intelligence returning.
You feel your dexterity returning.
* * * LOW HITPOINT WARNING * * *
You feel extremely sick.
Unknown command.
You feel a strong urge to attack something.
You die...

.....#...###################.....
.♣..######♣♣♣♣♣..♣.###.'.)'......
######..'......♣..♣##:.#.)#.P....
'.......#♣..♣♣♣.♣).###)##'##.P...
#.......#.♣♣.[♣...♣'...#♣.♣######
########################.....####
...............# ###..♣..♣....#
......).....)P.#####...♣......♣..
.............P..@.).....♣.....∩.∩
.................################
###+##############


There were no monsters in sight!

Vanquished Creatures
  Agnes (D)
  A ghost moth (D)
  A spriggan berserker (D)
  A spriggan druid (D)
  6 oklob plants (D)
  2 demonic crawlers (D)
  3 burning bushes (D)
  3 wandering mushrooms (D)
  A queen bee (D)
  3 hornets (D)
  3 scorpions (D)
  4 killer bees (D)
  5 oklob saplings (D)
  6 spriggans (D)
  A river rat (D)
  A rat (D)
42 creatures vanquished.

Vanquished Creatures (collateral kills)
  A spriggan defender (D)
  A spriggan (D)
2 creatures vanquished.

Vanquished Creatures (others)
  2 ballistomycete spores (D)
  A bush (D)
3 creatures vanquished.

Grand Total: 47 creatures vanquished

Notes
Turn   | Place    | Note
-------+----------+-------------------------------------------
     0 | D        | mhtbhm the Demonspawn Berserker began the quest for the
                  | Orb.
     0 | D        | Reached XP level 1. HP: 18/18 MP: 1/1
    11 | D        | Reached skill level 3 in Long Blades
    11 | D        | Gained mutation: You have a pair of small horns on your
                  | head. [demonic ancestry]
    11 | D        | Reached XP level 2. HP: 25/25 MP: 2/2
    60 | D        | Noticed an oklob sapling
    62 | D        | Killed an oklob sapling
    62 | D        | Reached ** piety under Trog
    63 | D        | Reached skill level 4 in Long Blades
    63 | D        | Gained mutation: You are partially covered in sharp spines.
                  | [demonic ancestry]
    63 | D        | Reached XP level 3. HP: 32/32 MP: 3/3
   203 | D        | Noticed a scorpion
   204 | D        | Found the amulet of invisibility {+Inv}
   208 | D        | Killed a scorpion
   209 | D        | Reached skill level 5 in Long Blades
   209 | D        | Reached XP level 4. HP: 40/40 MP: 4/4
   258 | D        | Found an opulent altar of Gozag.
   258 | D        | Found a hazy altar of Hepliaklqana.
   258 | D        | Found a burning altar of Makhleb.
   258 | D        | Found a sparkling altar of Nemelex Xobeh.
   258 | D        | Found a snail-covered altar of Cheibriados.
   258 | D        | Found a sacrificial altar of Ru.
   258 | D        | Found a shimmering blue altar of Sif Muna.
   258 | D        | Found a shimmering altar of Xom.
   258 | D        | Found a basalt altar of Yredelemnul.
   259 | D        | Found a viscous altar of Jiyva.
   259 | D        | Found a bloodstained altar of Trog.
   259 | D        | Found an ornate altar of the Wu Jian Council.
   260 | D        | Found an iron altar of Okawaru.
   260 | D        | Found a shadowy altar of Dithmenos.
   261 | D        | Found an ancient bone altar of Kikubaaqudgha.
   261 | D        | Found a hide-covered altar of Uskayaw.
   262 | D        | Found a stormy altar of Qazlal.
   263 | D        | Found a corrupted altar of Lugonu.
   263 | D        | Found a radiant altar of Vehumet.
   271 | D        | Reached skill level 6 in Long Blades
   271 | D        | Reached XP level 5. HP: 47/47 MP: 3/5
   345 | D        | Reached *** piety under Trog
   346 | D        | Reached skill level 7 in Long Blades
   346 | D        | Reached skill level 1 in Evocations
   353 | D        | Reached skill level 1 in Stealth
   359 | D        | Reached XP level 6. HP: 8/56 MP: 4/6
   620 | D        | Found Xiuhophe's General Store.
   620 | D        | Found Wyvaifes's Assorted Antiques.
   633 | D        | Noticed a burning bush
   633 | D        | Noticed a wandering mushroom
   634 | D        | Noticed a wandering mushroom
   642 | D        | Reached skill level 8 in Long Blades
  1093 | D        | Killed a wandering mushroom
  1093 | D        | Reached **** piety under Trog
  1094 | D        | Reached skill level 9 in Long Blades
  1094 | D        | Reached XP level 7. HP: 64/64 MP: 4/7
  1098 | D        | Killed a wandering mushroom
  1099 | D        | Reached skill level 5 in Dodging
  1105 | D        | Killed a burning bush
  1106 | D        | Reached skill level 10 in Long Blades
  1106 | D        | Reached skill level 5 in Evocations
  1107 | D        | Found Mubeyr's Assorted Antiques.
  1107 | D        | Found Tegitul's Distillery.
  1116 | D        | Identified the ring "Xiuh" {Str+6 Dex+3}
  1560 | D        | Noticed a queen bee
  1565 | D        | Reached ***** piety under Trog
  1570 | D        | Gained mutation: When seriously injured, your bleeding
                  | wounds create armour. (AC +9) [demonic ancestry]
  1570 | D        | Reached XP level 8. HP: 71/71 MP: 6/8
  1574 | D        | Killed a queen bee
  1575 | D        | Reached skill level 5 in Stealth
  1614 | D        | Noticed an oklob plant
  1626 | D        | Killed an oklob plant
  1627 | D        | Reached skill level 10 in Fighting
  1627 | D        | Reached skill level 11 in Long Blades
  1715 | D        | Noticed a burning bush
  1722 | D        | Killed a burning bush
  1773 | D        | Noticed a burning bush
  1773 | D        | Noticed an oklob plant
  1774 | D        | Noticed a wandering mushroom
  1782 | D        | Killed a burning bush
  1783 | D        | Gained mutation: When seriously injured, your bleeding
                  | wounds create thick armour. (AC +9) [demonic ancestry]
  1783 | D        | Reached XP level 9. HP: 66/78 MP: 7/9
  1795 | D        | Killed an oklob plant
  1796 | D        | Reached skill level 12 in Long Blades
  1798 | D        | Reached ****** piety under Trog
  2298 | D        | Noticed a spriggan druid
  2308 | D        | Killed a spriggan druid
  2480 | D        | Noticed an oklob plant conjurer
  2483 | D        | Killed an oklob plant conjurer
  2483 | D        | Received a gift from Trog
  2621 | D        | Noticed an oklob plant
  2621 | D        | Noticed an oklob plant summoner
  2622 | D        | Noticed an oklob plant shifter
  2629 | D        | Killed an oklob plant
  2630 | D        | Reached skill level 13 in Long Blades
  2633 | D        | Killed an oklob plant summoner
  2634 | D        | Gained mutation: You have a pair of horns on your head.
                  | [demonic ancestry]
  2634 | D        | Reached XP level 10. HP: 87/87 MP: 1/10
  2637 | D        | Killed an oklob plant shifter
  2638 | D        | Reached skill level 10 in Stealth
  2684 | D        | Identified the +2 long sword of Imminent Death {vorpal, rN+
                  | Dex+3} (Trog gifted it to you in the Dungeon)
  2684 | D        | Received a gift from Trog
  2744 | D        | Noticed a spriggan rider
  2765 | D        | Found Votolim's Armour Emporium.
  2897 | D        | Found Fos Yqir's Assorted Antiques.
  2924 | D        | Bought a +1 cloak of poison resistance for 162 gold pieces
  3019 | D        | Noticed Agnes
  3022 | D        | Noticed a spriggan berserker
  3031 | D        | Killed a spriggan berserker
  3031 | D        | Received a gift from Trog
  3032 | D        | Reached skill level 14 in Long Blades
  3041 | D        | Killed Agnes
  3299 | D        | Found Jinuguurgh's Distillery.
  3301 | D        | Found Tusey's Distillery.
  3303 | D        | Noticed a spriggan defender
  3309 | D        | Killed a spriggan defender
  3310 | D        | Reached skill level 10 in Evocations
  3310 | D        | Gained mutation: You are mostly covered in sharp spines.
                  | [demonic ancestry]
  3310 | D        | Reached XP level 11. HP: 95/95 MP: 11/11
  3331 | D        | Noticed a spriggan rider
  3350 | D        | Reached skill level 15 in Long Blades
  3538 | D        | Found Ziattesa's Magic Scroll Shoppe.
  3538 | D        | Found Ejyosch's Antique Armour Boutique.
  3538 | D        | Found Reahoa's Antique Weapon Emporium.
  3578 | D        | HP: 1/96 [something (6)]
  3585 | D        | HP: 1/96 [something (2)]
  4320 | D        | Killed a ghost moth
  4320 | D        | Identified the +13 great sword of Demonspawn's Peril
                  | {vorpal, Dex+6} (Trog gifted it to you in the Dungeon)
  4320 | D        | Received a gift from Trog
  4321 | D        | HP: 3/144 [poisoned by a ghost moth]
  4322 | D        | Succumbed to a ghost moth's poison

Illustrated notes

Levels and vault maps discovered:
D:        dungeon_sprint_fedhas [sprint_temple]

Skill      XL: |  1  2  3  4  5  6  7  8  9 10 11 |
---------------+----------------------------------+-----
Long Blades    | 3 4 5 6 7 9 10 11 13 14 15 | 15.3
Armour         | 2 3 4 |  4.2
Dodging        | 2 3 4 5 6 7 |  7.6
Fighting       | 4 6 8 9 10 11 12 | 12.7
Evocations     | 2 4 5 7 9 10 | 10.3
Stealth        | 1 2 4 7 9 11 12 | 12.3

Action                   |  1- 3 |  4- 6 |  7- 9 | 10-12 || total
-------------------------+-------+-------+-------+-------++-------
Melee: Falchion          |    10 |    29 |    69 |       ||   108
       Headbutt          |     2 |    10 |    24 |    14 ||    50
       Great sword       |       |       |     6 |     4 ||    10
       Long sword        |       |       |       |    50 ||    50
Invok: Berserk           |     3 |     3 |     8 |     4 ||    18
       Brothers in Arms  |       |       |       |     3 ||     3
 Abil: Evoke Invisibilit |       |     4 |     4 |     1 ||     9
  Use: Potion            |       |     1 |       |     4 ||     5
       Scroll            |       |       |       |     1 ||     1
 Stab: Invisible         |       |     3 |     9 |     1 ||    13
       Sleeping          |       |     1 |     1 |     1 ||     3
Armor: Animal skin       |       |     1 |       |    29 ||    30
Dodge: Dodged            |     3 |    25 |    11 |    25 ||    64
       Rpst.: Falchion   |       |    10 |     3 |       ||    13
       Great sword       |       |       |       |     2 ||     2
       Long sword        |       |       |       |     2 ||     2

Table legend: (Time is in decaauts)
 A = Elapsed time spent in this place.
 B = Non-inter-level travel time spent in this place.
 C = Inter-level travel time spent in this place.
 D = Time resting spent in this place.
 E = Time spent auto-exploring this place.
 F = Levels seen in this place.
 G = Mean time per level.
                   A        B        C        D        E       F      G
               +--------+--------+--------+--------+--------+-----+--------+
         Total |   4408 |   4408 |      0 |   3679 |      0 |   1 | 4408.0 |
       Dungeon |   4408 |   4408 |      0 |   3679 |      0 |   1 | 4408.0 |
               +--------+--------+--------+--------+--------+-----+--------+

Top non-repeatable levels by time:
       D: 4408 daAuts
